 Dungeon Crawl Stone Soup version 0.29-a0-575-g0dc89cf053 (webtiles) character file.

Game seed: 12993825064943154489

75 inmateoo the Chopper (level 4, 0/34 HPs)
             Began as a Demonspawn Gladiator on June 12, 2022.
             Succumbed to an orc's poison
             ... on level 3 of the Dungeon.
             The game lasted 00:02:19 (2280 turns).

inmateoo the Chopper (Demonspawn Gladiator)         Turns: 2280, Time: 00:02:19

Health: 0/34       AC:  7    Str: 16    XL:     4   Next: 11%
Magic:  4/4        EV: 11    Int:  9    God:
Gold:   167        SH:  8    Dex: 18    Spells: 3/3 levels left

rFire   . . .      SeeInvis .   a - +0 war axe
rCold   . . .      Faith    .   u - +0 kite shield
rNeg    . . .      Spirit   .   b - +0 leather armour
rPois   +          Reflect  .   c - +0 helmet
rElec   .          Harm     .   (no cloak)
rCorr   .          Rampage  .   p - +2 pair of gloves {Dex+3}
Will    .....                   (no boots)
Stlth   ++........              (no amulet)
HPRegen 0.11/turn               (no ring)
MPRegen 0.18/turn               (no ring)

@: brilliant, lethally poisoned (0 -> -8), attractive, hasted, very quick
A: claws 1, magic regeneration, sturdy frame 1, mutation resistance 1, poison
resistance, no potion heal 1
a: no special abilities


You were on level 3 of the Dungeon.
You visited 1 branch of the dungeon, and saw 3 of its levels.

You collected 167 gold pieces.

Inventory:

Hand Weapons
 a - a +0 war axe (weapon)
Missiles
 d - 3 throwing nets (quivered)
 e - a javelin
Armour
 b - a +0 leather armour (worn)
 c - a +0 helmet (worn)
 p - a +2 pair of gloves of dexterity (worn)
 u - a +0 kite shield (worn)
Wands
 v - a wand of flame (19)
 w - a wand of iceblast (13)
Scrolls
 f - 5 scrolls of identify {unknown}
 h - a scroll of amnesia {unknown}
 k - a scroll of vulnerability {unknown}
 l - 4 scrolls of noise {unknown}
 m - 2 scrolls of fear {unknown}
 o - a scroll of enchant weapon {unknown}
 q - a scroll of torment {unknown}
 s - a scroll of enchant armour {unknown}
Potions
 g - a potion of attraction
 n - a potion of mutation
 t - a potion of haste


   Skills:
 + Level 2.6 Fighting
 * Level 3.5 Axes
 - Level 1.7 Throwing
 + Level 1.3 Armour
 + Level 3.1 Dodging


You had 3 spell levels left.
You didn't know any spells.
Your spell library contained the following spells:

 Spells                   Type           Power      Damage    Failure   Level
 Apportation              Tloc           0%         N/A       83%         1
 Sting                    Tmut/Pois      0%         1d3       83%         1
 Summon Small Mammal      Summ           0%         N/A       83%         1
 Poisonous Vapours        Pois/Air       0%         N/A       93%         2
 Call Canine Familiar     Summ           0%         N/A       99%         3
 Summon Guardian Golem    Hex/Summ       0%         N/A       99%         3
 Olgreb's Toxic Radiance  Pois           0%         N/A       100%        4
 Alistair's Intoxication  Tmut/Pois      0%         N/A       100%        5


Dungeon Overview and Level Annotations

Branches:
Dungeon (3/15)

Altars:

Shops:
D:1 [


Innate Abilities, Weirdness & Mutations

You have sharp fingernails.
You regenerate magic rapidly.
Your movements are slightly less encumbered by armour. (ER -2)
You are somewhat resistant to further mutation.
Your system is resistant to poisons. (rPois)
Potions are less effective at restoring your health.


Message History

* * * LOW HITPOINT WARNING * * *
You feel very sick. The orc barely misses you.
It was a potion of brilliance.
You feel clever all of a sudden.
* * * LOW HITPOINT WARNING * * *
You feel sick. The orc barely misses you.
It was a potion of haste.
You feel yourself speed up.
* * * LOW HITPOINT WARNING * * *
You feel sick. The orc hits you but does no damage.
It was a potion of heal wounds.
Your system partially rejects the healing.
You feel much better.
You feel sick.
The orc hits you with a +2 dagger of venom.
* * * LOW HITPOINT WARNING * * *
You're too confused to attack without stumbling around!
You're too confused to attack without stumbling around!
You're too confused to attack without stumbling around!
You bump into the rock wall.
You feel sick.
The orc hits you with a +2 dagger of venom.
* * * LOW HITPOINT WARNING * * *
You are lethally poisoned!
You bump into the rock wall.
You feel less invigorated.
You feel less confused.
* * * LOW HITPOINT WARNING * * *
You feel sick.
* * * LOW HITPOINT WARNING * * *
You feel sick.
* * * LOW HITPOINT WARNING * * *
You feel sick. The orc wizard is attracted toward you.
Okay, then.
Okay, then.
You closely miss the orc.
The orc is heavily wounded.
* * * LOW HITPOINT WARNING * * *
You feel sick. The orc hits you but does no damage.
The endoplasm is attracted toward you.
You hit the orc.
The orc is severely wounded.
You die...

#...#######..###.#.#
##.## #..# #...# #.#
##.###.#.# #.#
#.....#.## #.###
###.###.## #...#
###.###.#. ###.#
.......... #.#
.##....... #@#
#........ ##o####
#.####... ##Jo...##
#. ###. #§#####.# #.
#.#.{J..#.#.# #.
#.#≈.J)..≈.... #.
#.#.≈≈§..≈.≈#.. #.
#.#..≈.≈≈≈.≈..# #.
#.#≈≈≈≈≈≈.≈...#


You could see an orc wizard, an orc and an endoplasm.

Vanquished Creatures
  2 adders
  A worm (D:2)
  2 dart slugs
  2 orcs (D:3)
  3 endoplasms
  4 giant cockroaches (D:1)
  A goblin (D:2)
  3 hobgoblins
  3 jackals (D:1)
  3 quokkas
  7 ball pythons
  6 bats
  3 frilled lizards
  3 kobolds
  3 rats (D:2)
46 creatures vanquished.

Notes
Turn   | Place    | Note
-------+----------+-------------------------------------------
     0 | D:1      | inmateoo the Demonspawn Gladiator began the quest for the
                  | Orb.
     0 | D:1      | Reached XP level 1. HP: 16/16 MP: 1/1
   183 | D:1      | Gained mutation: You regenerate magic rapidly. [demonic
                  | ancestry]
   183 | D:1      | Reached XP level 2. HP: 19/22 MP: 2/2
   192 | D:1      | Found Xidirchya's Antique Armour Boutique.
  1026 | D:1      | Reached skill level 1 in Armour
  1026 | D:1      | Gained mutation: Your movements are slightly less
                  | encumbered by armour. (ER -2) [demonic ancestry]
  1026 | D:1      | Reached XP level 3. HP: 25/28 MP: 3/3
  2056 | D:3      | Gained mutation: You have sharp fingernails. [demonic
                  | ancestry]
  2056 | D:3      | Reached XP level 4. HP: 33/34 MP: 4/4
  2246 | D:3      | Found a faded altar of an unknown god.
  2271 | D:3      | Gained mutation: Potions are less effective at restoring
                  | your health. [potion of mutation]
  2271 | D:3      | Gained mutation: Your system is resistant to poisons.
                  | (rPois) [potion of mutation]
  2271 | D:3      | Gained mutation: You are somewhat resistant to further
                  | mutation. [potion of mutation]
  2279 | D:3      | HP: 1/34 [poisoned by an orc]
  2280 | D:3      | Succumbed to an orc's poison

Illustrated notes

Levels and vault maps discovered:
D:1:      minmay_arrival_doors, layout_loops_cross, serial_shops,
          nicolae_shop_hallway_stairs, serial_forest,
          infiniplex_forest_straight_1, infiniplex_forest_end_1,
          infiniplex_forest_end_1, infiniplex_forest_lined_corner,
          infiniplex_forest_lined_2, infiniplex_forest_zigzag_2,
          infiniplex_forest_clump_double, infiniplex_forest_straight_2,
          st_stairs_3, minmay_door_square, minmay_vboxes
D:2:      layout_loops_cross
D:3:      layout_loops_ring, shapermc_ecumenical_altar_starsandcircs,
          minmay_misc_feat_plants

Skill      XL: |  1  2  3 |
---------------+----------+-----
Axes           | 3 |  3.5
Armour         | 1 |  1.3
Dodging        | 3 |  3.1
Fighting       | |  2.6
Throwing       | |  1.7

Action                   |  1- 3 |  4- 6 || total
-------------------------+-------+-------++-------
Melee: War axe           |   128 |    12 ||   140
  Use: Potion            |       |     9 ||     9
 Stab: Sleeping          |     6 |       ||     6
Armor: Leather armour    |    48 |    11 ||    59
Dodge: Dodged            |   121 |    18 ||   139
Block: Kite shield       |     2 |     7 ||     9

Table legend: (Time is in decaauts)
 A = Elapsed time spent in this place.
 B = Non-inter-level travel time spent in this place.
 C = Inter-level travel time spent in this place.
 D = Time resting spent in this place.
 E = Time spent auto-exploring this place.
 F = Levels seen in this place.
 G = Mean time per level.
                   A        B        C        D        E       F      G
               +--------+--------+--------+--------+--------+-----+--------+
         Total |   2327 |   2247 |     80 |    317 |   1526 |   3 |  775.7 |
       Dungeon |   2327 |   2247 |     80 |    317 |   1526 |   3 |  775.7 |
               +--------+--------+--------+--------+--------+-----+--------+

Top non-repeatable levels by time:
     D:1: 1127 daAuts
     D:2: 804 daAuts
     D:3: 395 daAuts
